AoeStats
← Valeier

Arabia

507826953Analyzed
1v1 RM · 13d ago on Sep 19, 2026· 34m 54s· 2 players
Game mode
Random Map
Map size
Tiny (2 player)
Population
200
Speed
Normal
Resources
Standard
Victory
Conquest
Starting age
Dark Age
Ending age
Imperial Age
RankedLock teamsTeams togetherTeam positionsShared explorationLock speedFull tech treeHidden civsTurbo modeCheats
Victory
Defeat
1611
+13
🇸🇪 Khmer · Sweden
1554
-13
Valeier
7:18 Loom
9:34 Feudal Age
9:49 Man-at-Arms
16:57 Fletching
24:36 Castle Age
24:15 Double-Bit Axe
24:53 Crossbowman
26:04 Bodkin Arrow
26:57 Wheelbarrow
27:45 Bow Saw
Im_16Years_Old_IamCaPte
8:02 Loom
10:18 Feudal Age
11:10 Double-Bit Axe
11:52 Scale Mail Armor
22:22 Town Watch
23:33 Forging
24:20 Horse Collar
26:40 Castle Age
26:57 Castle Age
25:18 Stone Mining
25:51 Fletching
26:13 Gold Mining
27:43 Bodkin Arrow
33:23 Chain Mail Armor
Connection lost

Rejoining the realm…

Still unreachable

The connection could not be restored.

Session expired

The server has moved on; the page needs a fresh start.